 Dungeon Crawl Stone Soup version 0.21-a0-552-g593960d (webtiles) character file.

3300 esteth the Arsonist (level 9, -1/49 HPs)
             Began as a Deep Elf Fire Elementalist on Dec 17, 2017.
             Was a Follower of Vehumet.
             Killed from afar by Psyche (13 damage)
             ... with a puff of frost
             ... on level 8 of the Dungeon.
             The game lasted 00:29:22 (8941 turns).

esteth the Arsonist (Deep Elf Fire Elementalist)    Turns: 8941, Time: 00:29:23

Health: -1/49      AC:  4    Str:  5    XL:     9   Next: 70%
Magic:  11/22      EV: 13    Int: 24    God:    Vehumet [*.....]
Gold:   323        SH:  0    Dex: 15    Spells: 8/23 levels left

rFire    + . .     SeeInvis .   I - staff of conjuration
rCold    . . .     Gourm    .   (no shield)
rNeg     . . .     Faith    .   J - +1 robe {rF+}
rPois    +         Spirit   .   (no helmet)
rElec    .         Reflect  .   (no cloak)
rCorr    .         Harm     .   x - +0 pair of gloves
MR       +....                  (no boots)
Stlth    ++........             (no amulet)
HPRegen  0.16/turn              s - ring of poison resistance
MPRegen  0.18/turn              m - ring of protection from magic

@: lethally poisoned (-1 -> -5), drained
A: no striking features
a: Renounce Religion


You were on level 8 of the Dungeon.
You worshipped Vehumet.
Vehumet was aware of your devotion.
You were hungry.

You visited 2 branches of the dungeon, and saw 9 of its levels.

You collected 323 gold pieces.

Inventory:

Hand Weapons
 g - a +0 club
 o - a +0 scythe
Armour
 a - a +0 robe
 x - a +0 pair of gloves (worn)
 J - a +1 robe of fire resistance (worn)
Magical Staves
 w - an uncursed staff of summoning
 I - an uncursed staff of conjuration (weapon)
Jewellery
 m - a ring of protection from magic (right hand)
 p - an uncursed ring of resist corrosion
 s - a ring of poison resistance (left hand)
Wands
 B - a wand of paralysis (8)
 E - a wand of iceblast (5)
Scrolls
 d - 4 scrolls of magic mapping {unknown}
 e - 7 scrolls of teleportation {unknown}
 f - 10 scrolls of identify {unknown}
 k - 3 scrolls of enchant armour {unknown}
 q - a scroll of immolation {unknown}
 r - a scroll of noise {unknown}
 t - 2 scrolls of fear {unknown}
 y - a scroll of remove curse {unknown}
 G - a scroll of enchant weapon {unknown}
Potions
 h - 5 potions of curing {unknown}
 i - 2 potions of flight {unknown}
 j - a potion of lignification {unknown}
 u - 2 potions of brilliance {unknown}
 z - 2 potions of agility {unknown}
 A - 2 potions of degeneration {unknown}
 F - 2 potions of might {unknown}
 H - a potion of magic {unknown}
Books
 b - a book of Flames

   Spells                             Type                      Level
   a - Flame Tongue                   Conjuration/Fire             1
   b - Throw Flame                    Conjuration/Fire             2
   c - Conjure Flame                  Conjuration/Fire             3
   d - Inner Flame                    Hexes/Fire                   3
   e - Sticky Flame                   Conjuration/Fire             4
   f - Fireball                       Conjuration/Fire             5
 C - a book of Callings

   Spells                             Type                      Level
   a - Summon Small Mammal            Summoning                    1
   b - Call Imp                       Summoning                    2
   c - Call Canine Familiar           Summoning                    3
   d - Summon Guardian Golem          Hexes/Summoning              3
   e - Summon Lightning Spire         Summoning/Air                4
   f - Summon Ice Beast               Ice/Summoning                4
Comestibles
 c - 7 bread rations
 n - 2 fruits
 v - 4 meat rations
 D - 3 royal jellies
 K - 6 chunks of flesh


   Skills:
 - Level 2.7(2.2) Fighting
 - Level 2.6(2.2) Dodging
 - Level 2.4(1.9) Stealth
 + Level 7.8(7.3) Spellcasting
 - Level 9.4(8.9) Conjurations
 + Level 2.1(1.7) Summonings
 - Level 9.5(8.9) Fire Magic


You had 8 spell levels left.
You knew the following spells:

 Your Spells              Type           Power        Failure   Level  Hunger
a - Flame Tongue          Conj/Fire      #####        1%          1    None
b - Sticky Flame          Conj/Fire      ######..     1%          4    ###....
c - Conjure Flame         Conj/Fire      ######..     1%          3    None
d - Fireball              Conj/Fire      ######....   4%          5    #####..
e - Call Imp              Summ           ###.....     4%          2    None


Dungeon Overview and Level Annotations

Branches:
Dungeon (8/15)             Temple (1/1) D:6
   Lair: D:8-11

Altars:
Ashenzari
Cheibriados
Dithmenos
Elyvilon
Fedhas
Gozag
Hepliaklqana
Kikubaaqudgha
Makhleb
Nemelex Xobeh
Okawaru
Qazlal
Ru
Sif Muna
Trog
Uskayaw
Vehumet
Wu Jian
Xom
Yredelemnul
Zin
The Shining One

Annotations:
D:8 Psyche


Message History

You hear some strange, mumbled words.
A puff of flame appears from out of thin air!
The puff of flame hits you! You resist. Something hits you. Something hits you.
You are poisoned.
You feel sick.
You feel sick.
A hound zombie comes into view.
You feel sick.
A water moccasin zombie comes into view.
You feel sick. Something barely misses you.
You feel sick.
A puff of frost appears from out of thin air!
The puff of frost misses you.
You feel sick.
You feel sick.
A puff of frost appears from out of thin air!
The puff of frost hits you!
You die...

#.. ..# . #.....### #. #...
.... #.####..# ..# #.......##
#.# #........###.#### ########
###.[...........@.###......##
#.........####.##.##........##
#.....รท...##.##.#......)...#
#.......#.....#............#
#.......###...###5.........#
#....)..# ##..5............#
###.#<##### ##.###........(.#
....#|# #.# ##........##
.####.# #5###.....[....#


You could see a friendly crimson imp.

Vanquished Creatures
  Pikel (D:8)
  The ghost of Lanoc the Ruffian, a novice DrTm of Qazlal (D:6)
  Sigmund (D:2)
  2 ice beasts
  2 slaves (D:7)
  Duvessa (D:7)
  2 sky beasts
  8 ogres
  A centaur (D:5)
  2 bullfrogs
  Dowan (D:7)
  3 scorpions
  A howler monkey (D:4)
  2 hounds
  2 orc wizards
  8 orc priests
  3 iguanas
  4 worker ants
  A hound skeleton (D:4)
  2 worker ant zombies
  9 adders
  2 oozes
  An adder skeleton (D:7)
  3 worms
  A dart slug (D:5)
  7 leopard geckos
  23 orcs
  10 bats
  3 giant cockroaches
  8 goblins
  9 hobgoblins
  14 jackals
  8 kobolds
  6 quokkas
  2 ball pythons
  A frilled lizard (D:1)
  A giant cockroach zombie (D:6)
  11 rats
167 creatures vanquished.

Vanquished Creatures (collateral kills)
  2 crimson imps
2 creatures vanquished.

Vanquished Creatures (others)
  An orc wizard (D:7)
  An orc (D:7)
  A quokka zombie (D:7)
3 creatures vanquished.

Grand Total: 172 creatures vanquished

Notes
Turn   | Place    | Note
-------+----------+-------------------------------------------
     0 | D:1      | esteth the Deep Elf Fire Elementalist began the quest for the Orb.
     0 | D:1      | Reached XP level 1. HP: 10/10 MP: 6/6
   302 | D:1      | Reached XP level 2. HP: 15/15 MP: 6/8
  1042 | D:1      | Reached XP level 3. HP: 15/19 MP: 4/9
  1711 | D:2      | Reached XP level 4. HP: 20/24 MP: 7/10
  2194 | D:2      | Noticed Sigmund
  2203 | D:2      | Learned a level 4 spell: Sticky Flame
  2249 | D:2      | Learned a level 3 spell: Conjure Flame
  2374 | D:2      | Killed Sigmund
  2374 | D:2      | Reached skill level 5 in Conjurations
  2374 | D:2      | Reached skill level 5 in Fire Magic
  2374 | D:2      | Reached XP level 5. HP: 11/28 MP: 2/11
  2669 | D:3      | Reached XP level 6. HP: 32/32 MP: 1/12
  3200 | D:3      | Found a glowing golden altar of the Shining One.
  3706 | D:4      | Found a hazy altar of Hepliaklqana.
  3712 | D:4      | Found a snail-covered altar of Cheibriados.
  3712 | D:4      | Found a white marble altar of Elyvilon.
  4013 | D:4      | Reached XP level 7. HP: 32/36 MP: 7/13
  4342 | D:5      | Entered Level 5 of the Dungeon
  4606 | D:5      | Reached skill level 1 in Fighting
  5060 | D:5      | Found a sacrificial altar of Ru.
  5340 | D:6      | Found a basalt altar of Yredelemnul.
  5511 | D:6      | Noticed Lanoc's ghost (novice DrTm)
  5541 | D:6      | Killed Lanoc's ghost
  5541 | D:6      | Reached XP level 8. HP: 42/45 MP: 4/14
  5751 | D:6      | Learned a level 5 spell: Fireball
  6050 | D:6      | Found a staircase to the Ecumenical Temple.
  6099 | Temple   | Entered the Ecumenical Temple
  6178 | Temple   | Became a worshipper of Vehumet
  6615 | D:7      | Noticed Pikel
  6680 | D:8      | Reached skill level 5 in Spellcasting
  6789 | D:8      | Killed Pikel
  6789 | D:8      | Reached XP level 9. HP: 26/49 MP: 10/19
  7543 | D:7      | Found a deep blue altar of Sif Muna.
  7957 | D:7      | Noticed Duvessa
  7958 | D:7      | Noticed Dowan
  7964 | D:7      | Killed Dowan
  7971 | D:7      | Killed Duvessa
  8371 | D:7      | Learned a level 2 spell: Call Imp
  8565 | D:8      | Reached * piety under Vehumet
  8565 | D:8      | Offered knowledge of Magic Dart by Vehumet.
  8610 | D:8      | Reached skill level 1 in Summonings
  8883 | D:8      | Noticed Psyche
  8941 | D:8      | Killed from afar by Psyche

Vault maps used:
D:1:      dpeg_arrival_lava_temple_mockup, minmay_domino_4
D:2:      uniq_sigmund
D:3:      tso_altar, first_bread
D:4:      gammafunk_temple_overflow_forgotten, minmay_splitting_lines,
          grunt_ministairs_8
D:5:      serial_bayou, serial_bayou_pond_c, serial_bayou_lagoon_a,
          serial_bayou_pond_a, serial_bayou_lagoon_b, serial_bayou_lake_a,
          nicolae_ru_awakened_eye
D:6:      yredelemnul_altar_generic, minmay_temple_entry_butterflies,
          minmay_holes
D:7:      kennysheep_mini_moat, grunt_ogre_cave, uniq_duvessa, uniq_pikel
D:8:      minmay_checkerbox, uniq_psyche
Temple:   eino_temple_rhombus

Skill      XL: |  1  2  3  4  5  6  7  8  9 |
---------------+----------------------------+-----
Conjurations   | 2 3 5 6 7 8 9 |  9.4
Fire Magic     | 5 6 7 8 9 |  9.5
Fighting       | 2 |  2.7
Spellcasting   | 5 7 |  7.8
Summonings     | 2 |  2.1
Dodging        | |  2.6
Stealth        | |  2.4

Action                   |  1- 3 |  4- 6 |  7- 9 || total
-------------------------+-------+-------+-------++-------
Melee: Club              |     2 |     9 |       ||    11
       Scythe            |       |     7 |    41 ||    48
       Staff             |       |       |    27 ||    27
 Cast: Flame Tongue      |    87 |   111 |   170 ||   368
       Conjure Flame     |       |     4 |     9 ||    13
       Sticky Flame      |       |       |    26 ||    26
       Call Imp          |       |       |    13 ||    13
  Use: Potion            |       |       |     3 ||     3
 Stab: Sleeping          |       |       |     1 ||     1
  Eat: Chunk             |     2 |     6 |    14 ||    22
       Bread ration      |       |       |     1 ||     1
       Fruit             |       |       |     1 ||     1
Armor: Robe              |     8 |     6 |    32 ||    46
Dodge: Dodged            |    39 |    53 |   101 ||   193

Table legend:
 A = Spawn XP
 B = Non-spawn XP
 C = Spawn XP percentage of total XP
 D = Spawn monster count
 E = Non-spawn monster count
 F = Spawn count percentage of total count
 G = Total turns spent on level
                    A         B        C        D         E        F      G
               +---------+---------+-------+---------+---------+-------+---------
         Total |       0 |    4715 |   0.0 |       0 |     167 |   0.0 |  8941
               +---------+---------+-------+---------+---------+-------+---------
           D:1 |       0 |      45 |   0.0 |       0 |      29 |   0.0 |  1225
           D:2 |       0 |     334 |   0.0 |       0 |      33 |   0.0 |  1528
           D:3 |       0 |     332 |   0.0 |       0 |      32 |   0.0 |   953
           D:4 |       0 |     344 |   0.0 |       0 |      10 |   0.0 |   848
           D:5 |       0 |     322 |   0.0 |       0 |       9 |   0.0 |   760
           D:6 |       0 |     857 |   0.0 |       0 |      14 |   0.0 |  1050
           D:7 |       0 |    1234 |   0.0 |       0 |      23 |   0.0 |  1584
           D:8 |       0 |    1247 |   0.0 |       0 |      17 |   0.0 |   863
               +---------+---------+-------+---------+---------+-------+---------
